 Dungeon Crawl Stone Soup version bcrawl-1.37.2 (webtiles) character file.

Game seed: 10906074771412508788

214408 Leeroy the Carver (level 7, -8/49 HPs)
             Began as a Vampire Skald on Feb 1, 2023.
             Mangled by an ogre
             ... wielding a +0 giant club
              (22 damage)
             ... on level 4 of the Dungeon.
             The game lasted 00:09:45 (4228 turns).

Leeroy the Carver (Vampire Skald)                   Turns: 4228, Time: 00:09:46

Health: -8/49      AC:  5    Str: 14    XL:     7   Next: 55%
Magic:  10/10      EV: 12    Int: 13    God:
Gold:   271        SH:  3    Dex: 15    Spells: 1/10 levels left

rFire    . . .     GDR:     27% a - +0 long sword
rCold    + . .     SeeInvis +   (no shield)
rNeg     + + .     Gourm    .   b - +0 leather armour
rPois    ∞         Faith    .   r - +0 helmet
rElec    .         Spirit   .   k - +0 cloak
rCorr    .         Reflect  .   (no gloves)
MR       .....                  (no boots)
Stlth    +++.......             d - amulet of magic regeneration
HPRegen  0.09/turn              (no ring)
MPRegen  0.28/turn              (no ring)

@: regenerating slowly
A: claws 1, fangs 3, see invisible, unbreathing
a: no special abilities


You were on level 4 of the Dungeon.
You were thirsty.

You visited 1 branch of the dungeon, and saw 4 of its levels.

You collected 271 gold pieces.

Inventory:

Hand Weapons
 a - a +0 long sword (weapon)
 n - a +0 blowgun
 o - a +2 flail of protection
 u - a +0 flail of crushing
 y - a +0 rapier
Missiles
 p - 20 poisoned needles
Armour
 b - a +0 leather armour (worn)
 k - a +0 cloak (worn)
 r - a +0 helmet (worn)
Jewellery
 d - an amulet of magic regeneration (around neck)
 g - an uncursed amulet of the gourmand {unknown}
 l - an uncursed ring of protection from cold {unknown}
Scrolls
 e - a scroll of fear
 f - a scroll of fog {unknown}
 h - a scroll of noise {unknown}
 i - 5 scrolls of identify
 j - 2 scrolls of amnesia {unknown}
 m - 2 scrolls of enchant armour {unknown}
 v - 3 scrolls of remove curse {unknown}
 x - a scroll of teleportation {unknown}
Potions
 c - 2 potions of heal wounds {unknown}
 q - a potion of blood
 s - a potion of brilliance {unknown}
 t - a potion of ambrosia {unknown}
 w - a potion of lignification {unknown}


   Skills:
 - Level 1.7 Fighting
 + Level 10.2 Long Blades
 - Level 0.8 Armour
 - Level 2.1 Dodging
 * Level 2.3 Spellcasting
 - Level 3.2 Charms


You had one spell level left.
You knew the following spells:

 Your Spells              Type           Power        Failure   Level  Hunger
a - Infusion              Chrm           ##......     8%          1    None
b - Swiftness             Chrm/Air       #.......     24%         2    ##.....
c - Ozocubu's Armour      Chrm/Ice       #.......     43%         3    ####...
d - Regeneration          Chrm/Necr      #.........   43%         3    ####...

Your spell library contained the following spells:

 Spells                   Type           Power        Failure   Level  Hunger
 Song of Slaying          Chrm           ##......     12%         2    ##.....
 Spectral Weapon          Hex/Chrm       #.......     43%         3    ####...


Dungeon Overview and Level Annotations

Branches:
Dungeon (4/12)             Temple (0/1) D:4

Altars:
Kikubaaqudgha
Nemelex Xobeh
Sif Muna
Uskayaw

Shops:
D:4 !


Innate Abilities, Weirdness & Mutations

You heal slowly.
You are immune to poison.
You have sharp fingernails.
You have razor-sharp teeth.
You have supernaturally acute eyesight. (SInv)
You can survive without breathing.


Message History

You miscast Regeneration.
You are very lightly contaminated with residual magic.
You are outlined in light.
You are feeling thirsty.
The sky beast hits you but does no damage.
You hit the sky beast. Your bite misses the sky beast.
The sky beast is almost dead.
The sky beast closely misses you.
You hit the sky beast.
You kill the sky beast!
Your Long Blades skill increases to level 10!
The ogre hits you with a +0 giant club!!
* * * LOW HITPOINT WARNING * * *
You see here a sky beast corpse.
The ogre barely misses you.
You are no longer glowing.
Your magical contamination has completely faded away.
There is a stone staircase leading up here.
The ogre hits you with a +0 giant club!!
You die...

#.#.#.#.######..#.#
#.#.#.#.#.# #..#.#
#.#.#.#.#.####..#.#
#.#...#.#.......#.#
#.#####.#.#####.#.#
#.# #...........#
#.#######.#####.###
#.........#####.#
#########.#@O...#
#.#####.# ### ###


You could see an ogre.

Vanquished Creatures
  Sigmund (D:2)
  A hungry ghost (D:3)
  A sky beast (D:4)
  A centaur (D:4)
  3 orc priests (D:3)
  A gnoll shaman (D:4)
  A worker ant (D:4)
  Robin (D:2)
  6 adders
  An ooze (D:3)
  2 adder skeletons (D:4)
  3 worms
  2 dart slugs
  7 leopard geckos
  14 orcs (D:3)
  2 giant cockroaches (D:1)
  4 goblins
  9 hobgoblins
  2 jackals
  7 kobolds
  2 quokkas
  2 ball pythons
  2 bats
  7 frilled lizards
  7 rats
89 creatures vanquished.

Notes
Turn   | Place    | Note
-------+----------+-------------------------------------------
     0 | D:1      | Leeroy the Vampire Skald began the quest for the Orb.
     0 | D:1      | Reached XP level 1. HP: 16/16 MP: 3/3
   169 | D:1      | Reached skill level 3 in Long Blades
   315 | D:1      | Reached XP level 2. HP: 22/22 MP: 5/5
   778 | D:1      | Reached skill level 4 in Long Blades
  1086 | D:2      | Noticed Sigmund
  1099 | D:2      | Killed Sigmund
  1100 | D:2      | Reached skill level 6 in Long Blades
  1100 | D:2      | Reached XP level 3. HP: 8/27 MP: 2/6
  1100 | D:2      | Reached XP level 4. HP: 9/33 MP: 2/7
  1100 | D:2      | Reached XP level 5. HP: 11/38 MP: 2/8
  1216 | D:2      | Found an ancient bone altar of Kikubaaqudgha.
  1225 | D:2      | Found a hide-covered altar of Uskayaw.
  1246 | D:2      | Found a shimmering blue altar of Sif Muna.
  1256 | D:2      | Found a sparkling altar of Nemelex Xobeh.
  1388 | D:2      | Reached skill level 7 in Long Blades
  1656 | D:2      | Noticed Robin
  1662 | D:2      | Killed Robin
  2288 | D:3      | Reached XP level 6. HP: 44/44 MP: 9/9
  2675 | D:3      | Reached skill level 8 in Long Blades
  2705 | D:3      | HP: 1/44 [orc priest (4)]
  2795 | D:3      | Found a faded altar of an unknown god.
  2899 | D:3      | Noticed a hungry ghost
  2924 | D:3      | Killed a hungry ghost
  2925 | D:3      | Reached skill level 9 in Long Blades
  2925 | D:3      | Reached XP level 7. HP: 47/49 MP: 10/10
  3655 | D:4      | Learned a level 2 spell: Swiftness
  3659 | D:4      | Learned a level 3 spell: Ozocubu's Armour
  3663 | D:4      | Learned a level 3 spell: Regeneration
  3694 | D:4      | Found Fyisk's Distillery.
  3776 | D:4      | Found a staircase to the Ecumenical Temple.
  4157 | D:4      | Reached skill level 10 in Long Blades
  4228 | D:4      | Mangled by an ogre

Skill      XL: |  1  2  3  4  5  6  7 |
---------------+----------------------+-----
Long Blades    | 3 6 7 9 10 | 10.2
Fighting       | |  1.7
Armour         | |  0.8
Dodging        | |  2.1
Spellcasting   | |  2.3
Charms         | |  3.2

Action                   |  1- 3 |  4- 6 |  7- 9 || total
-------------------------+-------+-------+-------++-------
Melee: Long sword        |    62 |   183 |    94 ||   339
       Bite              |     3 |    11 |    13 ||    27
 Cast: Infusion          |     1 |       |     1 ||     2
       Regeneration      |       |       |     2 ||     2
  Use: Potion            |       |     1 |       ||     1
 Stab: Sleeping          |     3 |    10 |     1 ||    14
  Eat: Corpse            |     1 |    15 |     1 ||    17
Armor: Leather armour    |    14 |    36 |    20 ||    70
Dodge: Dodged            |    33 |    69 |    50 ||   152
Block: Other             |       |    14 |     6 ||    20
